 Dungeon Sprint DCSS version 0.29-a0-857-g9b1aa3ac5b (webtiles) character file.

Game seed: 17762523618470062460

44574 mhtbhm the End of an Era (level 14, -1/150 HPs)
             Began as a Gargoyle Fighter on July 16, 2022.
             Was the Champion of Qazlal.
             Slain by Asmodeus
             ... wielding the +7 sceptre of Asmodeus
              (17 damage)
             ... in the Dungeon (Sprint VII: "The Pits").
             The game lasted 00:10:57 (3402 turns).

mhtbhm the End of an Era (Gargoyle Fighter)         Turns: 3402, Time: 00:10:58

Health: -1/150     AC: 46    Str: 23    XL:     14   Next: 29%
Magic:  28/28      EV:  7    Int: 11    God:    Qazlal [******]
Gold:   70         SH: 19    Dex: 11    Spells: 13/13 levels left

rFire   + . .      SeeInvis +   O - +10 morningstar "Eos" {elec, Halo rElec}
rCold   + + .      Faith    .   c - +3 warlock's mirror {reflect}
rNeg    + . .      Spirit   .   b - +2 gold dragon scales
rPois   ∞          Reflect  +   (no helmet)
rElec   +          Harm     .   M - +0 cloak of the Fife {rCorr Dex+2 SInv}
rCorr   +          Rampage  .   L - +1 pair of gloves
Will    +....      NoTele   +   s - +1 pair of boots
Stlth   ..........              (no amulet)
HPRegen 0.35/turn               p - +3 ring of protection
MPRegen 0.21/turn               B - ring of protection from cold

@: mighty, berserking, protected from physical damage, flying, hasted, glowing,
repel missiles, very quick
A: sickness immunity, AC +10, big wings, negative energy resistance 1,
electricity resistance, torment resistance 1, petrification resistance
a: Renounce Religion, Upheaval, Elemental Force, Disaster Area


You were in the Dungeon.
You worshipped Qazlal.
Qazlal was exalted by your worship.
You visited 1 branch You collected 70 gold pieces.

Inventory:

Hand Weapons
 a - a +2 war axe of freezing
 E - the +7 morningstar "Rugrich" {holy, Contam rPois rN+ rCorr}
   (You took it off Kirke in the Dungeon)

   It has been blessed by the Shining One to cause great damage to the undead
   and demons.
   rPois:     It protects you from poison.
   rN:        It protects you from negative energy.
   Contam:    It causes magical contamination when unequipped.
   rCorr:     It protects you from acid and corrosion.
 F - a +5 broad axe of pain
 O - the +10 morningstar "Eos" (weapon) {elec, Halo rElec}
   (You found it in the Dungeon)

   It occasionally discharges a powerful burst of electricity upon striking a
   foe.
   It grants its wielder a halo, increasing accuracy against those within it.
   rElec:     It insulates you from electricity.
Missiles
 n - 12 poisoned darts (quivered)
 G - 2 silver javelins
 H - 5 javelins
Armour
 b - +2 gold dragon scales (worn)
 c - the +3 warlock's mirror (worn) {reflect}
   (You found it in the Dungeon)

   It can block and reflect piercing ranged attacks and magical attacks against
   the wielder's willpower.
 s - a +1 pair of boots (worn)
 x - the +0 cloak of Protective Custody {*Corrode rF+++ rC- Str+6}
   (You found it in the Dungeon)

   Str:       It affects your strength (+6).
   rF:        It renders you almost immune to fire.
   rC:        It makes you vulnerable to cold.
   *Corrode:  It may corrode you when you take damage.
 L - a +1 pair of gloves (worn)
 M - the +0 cloak of the Fife (worn) {rCorr Dex+2 SInv}
   (You found it in the Dungeon)

   Dex:       It affects your dexterity (+2).
   SInv:      It lets you see invisible.
   rCorr:     It protects you from acid and corrosion.
 N - a +1 cloak of willpower
Jewellery
 o - a ring of positive energy
 p - a +3 ring of protection (left hand)
 w - a ring of willpower
 B - a ring of protection from cold (right hand)
Wands
 t - a wand of polymorph (11)
 u - a wand of iceblast (7)
 A - a wand of flame (2)
Scrolls
 j - 3 scrolls of blinking
 l - 5 scrolls of amnesia
 m - a scroll of summoning
 v - 4 scrolls of identify
 y - 3 scrolls of fear
 z - 2 scrolls of enchant weapon
Potions
 d - 3 potions of might
 e - 10 potions of curing
 f - 8 potions of heal wounds
 g - 2 potions of haste
 h - 3 potions of magic
 i - a potion of berserk rage
 k - a potion of invisibility
 q - 3 potions of brilliance
 r - 3 potions of mutation
 C - 2 potions of ambrosia
 K - a potion of lignification
Miscellaneous
 D - a lightning rod (4/4)
 I - a tin of tremorstones (2/2)
 J - a box of beasts


   Skills:
 + Level 16.0 Fighting
 + Level 17.9(18.0) Axes
 + Level 2.9(13.0) Maces & Flails
 + Level 3.2 Throwing
 + Level 16.4 Armour
 + Level 4.7 Dodging
 + Level 4.3 Stealth
 + Level 18.1 Shields
 * Level 20.1 Invocations
 + Level 8.4 Evocations


You had 13 spell levels left.
You didn't know any spells.
Your spell library contained the following spells:

 Spells                   Type           Power      Damage    Failure   Level
 Gell's Gravitas          Tloc           0%         N/A       100%        3
 Lesser Beckoning         Tloc           0%         N/A       100%        3
 Teleport Other           Tloc           0%         N/A       100%        3


Dungeon Overview and Level Annotations

Branches:
Dungeon (1/1)

Altars:
Ashenzari
Cheibriados
Dithmenos
Elyvilon
Fedhas
Gozag
Hepliaklqana
Kikubaaqudgha
Makhleb
Nemelex Xobeh
Okawaru
Qazlal
Ru
Sif Muna
Trog
Uskayaw
Vehumet
Wu Jian
Xom
Yredelemnul
Zin
The Shining One
Jiyva
Lugonu

Annotations:
D Asmodeus


Innate Abilities, Weirdness & Mutations

You are immune to sickness and miasma.
Your stone body is resilient. (AC +10)
You are immune to poison.
Your large and strong wings let you fly.
You resist negative energy. (rN+)
You are resistant to electric shocks. (rElec)
You are resistant to unholy torment.
You are immune to petrification.


Message History

Asmodeus is lightly wounded.
You hit Asmodeus but do no damage.
Asmodeus is lightly wounded.
Asmodeus gestures.
You feel much better.
Asmodeus hits you with the +7 sceptre of Asmodeus.
A red film seems to cover your vision as you go berserk!
You feel yourself moving faster!
You feel mighty! You block the hellion's attack.
The Brimstone Fiend gestures at you.
The sphere of damnation explodes!
The damnation engulfs Asmodeus.
Asmodeus completely resists.
The damnation engulfs the Brimstone Fiend.
The Brimstone Fiend completely resists.
The damnation engulfs you!!!
You hit Asmodeus.
Asmodeus is lightly wounded.
You block the hellion's attack. Asmodeus hits you but does no damage.
Unknown command.
You sock Asmodeus!
Asmodeus is lightly wounded.
You block the hellion's attack.
Asmodeus hits you with the +7 sceptre of Asmodeus!!
Unknown command.
You bludgeon Asmodeus!!
Asmodeus is moderately wounded.
The Brimstone Fiend gestures at you.
The sphere of damnation explodes!
The damnation engulfs Asmodeus.
Asmodeus completely resists.
The damnation engulfs the Brimstone Fiend.
The Brimstone Fiend completely resists.
The damnation engulfs you!!
* * * LOW HITPOINT WARNING * * *
You pound Asmodeus like an anvil!!!
Asmodeus is moderately wounded.
The hellion gestures at you.
The sphere of damnation explodes!
The damnation engulfs you!!
* * * LOW HITPOINT WARNING * * *
The damnation engulfs Asmodeus.
Asmodeus completely resists.
The damnation engulfs the hellion.
The hellion completely resists.
Asmodeus hits you with the +7 sceptre of Asmodeus!
You die...

#+# #1# #&# #@#
#2# #.# #'# #.#
#[# #.# #'#
################'#


You could see Asmodeus (clouds), a Brimstone Fiend (summoned) and a hellion
(summoned).

Vanquished Creatures
  A pearl dragon (D)
  A shadow dragon (D)
  Kirke (D)
  Ilsuiw (D)
  2 orc warlords (D)
  2 yellow draconians (D)
  A minotaur (D)
  A merfolk javelineer (D)
  A yaktaur captain (D)
  A deep elf high priest (D)
  A great orb of eyes (D)
  2 hell beasts (D)
  2 vault guards (D)
  A merfolk avatar (D)
  A centaur warrior (D)
  Erica (D)
  A dancing weapon (D)
  2 naga warriors (D)
  A death yak (D)
  3 hell knights (D)
  3 orc high priests (D)
  A deep elf knight (D)
  A shadow wraith (D)
  2 sixfirhies (D)
  2 sea snakes (D)
  3 flayed ghosts (D)
  14 orc knights (D)
  A deep elf zephyrmancer (D)
  An orc sorcerer (D)
  3 elephants (D)
  A merfolk siren (D)
  A rust devil (D)
  Joseph (D)
  2 black mambas (D)
  An eye of devastation (D)
  A molten gargoyle (D)
  A naga mage (D)
  An orange demon (D)
  A demonic crawler (D)
  A freezing wraith (D)
  An ice devil (D)
  A yaktaur (D)
  A komodo dragon (D)
  2 unseen horrors (D)
  A merfolk (D)
  2 hornets (D)
  2 trolls (D)
  2 tarantellas (D)
  A large abomination (D)
  A spriggan (D)
  2 jumping spiders (D)
  A hog (D)
  A fire bat (D)
  A wraith (D)
  A wyvern (D)
  A fire elemental (D)
  Menkaure (D)
  3 wargs (D)
  A naga (D)
  A floating eye (D)
  4 orc warriors (D)
  A water moccasin (D)
  2 ice beasts (D)
  A swamp drake (D)
  2 ogres (D)
  A wolf (D)
  A phantom (D)
  A kobold brigand (D)
  A gnoll sergeant (D)
  A bullfrog (D)
  An earth elemental (D)
  A necrophage (D)
  A crimson imp (D)
  A small abomination (D)
  2 orc priests (D)
  Ijyb (D)
  2 hell rats (D)
  4 gnolls (D)
  An adder (D)
  A white imp (D)
  An adder zombie (D)
  An adder skeleton (D)
  9 orcs (D)
  2 bats (D)
  A bat skeleton (D)
  3 giant cockroaches (D)
  A goblin (D)
  A jackal (D)
  A ball python zombie (D)
  2 frilled lizards (D)
  A quokka zombie (D)
  2 rats (D)
151 creatures vanquished.

Vanquished Creatures (collateral kills)
  A vault guard (D)
  2 hell knights (D)
  An orc knight (D)
  A naga (D)
5 creatures vanquished.

Vanquished Creatures (others)
  2 humans (D)
  A bat zombie (D)
3 creatures vanquished.

Grand Total: 159 creatures vanquished

Notes
Turn   | Place    | Note
-------+----------+-------------------------------------------
     0 | D        | mhtbhm the Gargoyle Fighter began the quest for the Orb.
     0 | D        | Reached XP level 1. HP: 14/14 MP: 1/1
    22 | D        | Reached XP level 2. HP: 17/20 MP: 2/2
    26 | D        | Found a bloodstained altar of Trog.
    26 | D        | Found a shimmering blue altar of Sif Muna.
    26 | D        | Found a viscous altar of Jiyva.
    26 | D        | Found a hazy altar of Hepliaklqana.
    26 | D        | Found an opulent altar of Gozag.
    27 | D        | Found a glowing golden altar of the Shining One.
    27 | D        | Found a glowing silver altar of Zin.
    27 | D        | Found a basalt altar of Yredelemnul.
    27 | D        | Found a shimmering altar of Xom.
    27 | D        | Found an ornate altar of the Wu Jian Council.
    27 | D        | Found a sacrificial altar of Ru.
    27 | D        | Found a stormy altar of Qazlal.
    27 | D        | Found an iron altar of Okawaru.
    27 | D        | Found a sparkling altar of Nemelex Xobeh.
    27 | D        | Found a burning altar of Makhleb.
    27 | D        | Found a blossoming altar of Fedhas.
    27 | D        | Found a white marble altar of Elyvilon.
    27 | D        | Found a shadowy altar of Dithmenos.
    27 | D        | Found a snail-covered altar of Cheibriados.
    29 | D        | Found a radiant altar of Vehumet.
    29 | D        | Found a corrupted altar of Lugonu.
    30 | D        | Found a hide-covered altar of Uskayaw.
    30 | D        | Found an ancient bone altar of Kikubaaqudgha.
    30 | D        | Found a broken altar of Ashenzari.
    36 | D        | Became a worshipper of Qazlal Stormbringer
   183 | D        | Reached * piety under Qazlal
   185 | D        | Noticed a floating eye
   190 | D        | Killed a floating eye
   191 | D        | Reached XP level 3. HP: 28/28 MP: 3/3
   191 | D        | Reached XP level 4. HP: 32/32 MP: 4/4
   199 | D        | Noticed a water moccasin
   210 | D        | Killed a water moccasin
   210 | D        | Reached ** piety under Qazlal
   211 | D        | Reached skill level 3 in Invocations
   211 | D        | Reached XP level 5. HP: 19/38 MP: 4/7
   381 | D        | Noticed a kobold brigand
   381 | D        | Noticed a wolf
   381 | D        | Noticed a warg
   381 | D        | Noticed an ogre
   386 | D        | Reached *** piety under Qazlal
   389 | D        | Killed an ogre
   390 | D        | Reached skill level 1 in Dodging
   390 | D        | Reached skill level 4 in Invocations
   390 | D        | Reached XP level 6. HP: 44/44 MP: 7/9
   392 | D        | Reached skill level 5 in Axes
   395 | D        | Killed a warg
   395 | D        | Reached **** piety under Qazlal
   396 | D        | Reached skill level 5 in Invocations
   396 | D        | Reached XP level 7. HP: 50/50 MP: 7/11
   465 | D        | Noticed a fire bat
   474 | D        | Killed a fire bat
   475 | D        | Reached skill level 6 in Invocations
   545 | D        | Noticed an orc high priest
   559 | D        | Noticed an orange demon
   561 | D        | Killed an orc high priest
   562 | D        | Reached skill level 7 in Invocations
   562 | D        | Reached XP level 8. HP: 44/57 MP: 11/13
   631 | D        | Reached ***** piety under Qazlal
   667 | D        | Killed an unseen horror
   668 | D        | Reached skill level 10 in Fighting
   668 | D        | Reached skill level 10 in Armour
   668 | D        | Reached skill level 8 in Invocations
   679 | D        | Reached XP level 9. HP: 39/62 MP: 15/15
   679 | D        | Reached ****** piety under Qazlal
   890 | D        | Noticed a death yak
   906 | D        | Killed a death yak
   907 | D        | Reached skill level 10 in Axes
   907 | D        | Reached skill level 9 in Invocations
  1029 | D        | Noticed a flayed ghost
  1029 | D        | Noticed a sea snake
  1032 | D        | Noticed a tarantella
  1034 | D        | Killed a tarantella
  1035 | D        | Reached skill level 10 in Shields
  1037 | D        | Killed a sea snake
  1038 | D        | Reached skill level 10 in Invocations
  1041 | D        | Killed a flayed ghost
  1042 | D        | Reached XP level 10. HP: 69/69 MP: 17/17
  1056 | D        | Noticed a flayed ghost
  1056 | D        | Noticed a sea snake
  1057 | D        | Noticed an orc high priest
  1057 | D        | Noticed Ijyb
  1068 | D        | Killed a sea snake
  1069 | D        | Killed Ijyb
  1081 | D        | Killed a flayed ghost
  1082 | D        | Reached skill level 11 in Invocations
  1101 | D        | Killed an orc high priest
  1202 | D        | Noticed Erica
  1211 | D        | Killed Erica
  1212 | D        | Reached XP level 11. HP: 76/76 MP: 19/19
  1218 | D        | Noticed Joseph
  1231 | D        | Killed Joseph
  1232 | D        | Reached skill level 12 in Invocations
  1416 | D        | Noticed an orc knight
  1422 | D        | Noticed Menkaure
  1426 | D        | Killed Menkaure
  1439 | D        | Killed a shadow wraith
  1440 | D        | Reached skill level 13 in Invocations
  1442 | D        | Killed an orc knight
  1443 | D        | Reached skill level 15 in Axes
  1527 | D        | Got the +0 cloak of Protective Custody {*Corrode rF+++ rC-
                  | Str+6}
  1746 | D        | Noticed a merfolk avatar
  1772 | D        | Killed a merfolk avatar
  1924 | D        | Reached skill level 1 in Stealth
  2080 | D        | Noticed a minotaur
  2080 | D        | Noticed a +4 long sword of electrocution
  2080 | D        | Noticed a hell knight
  2080 | D        | Noticed a hell knight
  2080 | D        | Noticed a hell knight
  2080 | D        | Noticed a hell knight
  2080 | D        | Noticed a hell knight
  2082 | D        | Killed a +4 long sword of electrocution
  2082 | D        | Killed a hell knight
  2082 | D        | Killed a hell knight
  2083 | D        | Reached skill level 14 in Invocations
  2083 | D        | Reached XP level 12. HP: 73/84 MP: 13/22
  2084 | D        | Killed a hell knight
  2085 | D        | Killed a minotaur
  2094 | D        | Killed a hell knight
  2094 | D        | Killed a hell knight
  2399 | D        | Noticed an orc high priest
  2401 | D        | Noticed a merfolk javelineer
  2401 | D        | Noticed Ilsuiw
  2403 | D        | Killed an orc high priest
  2404 | D        | Killed a merfolk javelineer
  2404 | D        | Noticed a great orb of eyes
  2405 | D        | Reached skill level 15 in Invocations
  2406 | D        | Killed a great orb of eyes
  2406 | D        | Identified the +7 morningstar "Rugrich" {holy, Contam rPois
                  | rN+ rCorr}
  2406 | D        | Noticed Kirke
  2406 | D        | Noticed a yellow draconian
  2407 | D        | Reached skill level 15 in Shields
  2407 | D        | Reached skill level 1 in Evocations
  2407 | D        | Killed Ilsuiw
  2409 | D        | Killed a yellow draconian
  2410 | D        | Reached skill level 15 in Fighting
  2412 | D        | Killed Kirke
  2413 | D        | Reached XP level 13. HP: 70/92 MP: 24/24
  2424 | D        | Reached skill level 16 in Invocations
  2435 | D        | Reached skill level 15 in Armour
  2440 | D        | Reached skill level 1 in Throwing
  2448 | D        | Reached skill level 5 in Evocations
  2771 | D        | Noticed an orc warlord
  2771 | D        | Noticed a yaktaur captain
  2772 | D        | Noticed an orc warlord
  2773 | D        | Noticed a vault guard
  2773 | D        | Noticed a vault guard
  2775 | D        | Reached skill level 17 in Invocations
  2775 | D        | Killed an orc warlord
  2775 | D        | Killed a vault guard
  2776 | D        | Reached skill level 18 in Invocations
  2781 | D        | Killed an orc warlord
  2782 | D        | Noticed a yellow draconian
  2783 | D        | Killed a yaktaur captain
  2784 | D        | Reached skill level 19 in Invocations
  2784 | D        | Gained mutation: Your large and strong wings let you fly.
                  | [Gargoyle growth]
  2784 | D        | Reached XP level 14. HP: 81/99 MP: 2/27
  2801 | D        | Killed a yellow draconian
  2938 | D        | Found the +3 warlock's mirror {reflect}
  3043 | D        | Got the +0 cloak of the Fife {rCorr Dex+2 SInv}
  3088 | D        | Found the +10 morningstar "Eos" {elec, Halo rElec}
  3216 | D        | Noticed a shadow dragon
  3227 | D        | Killed a shadow dragon
  3322 | D        | Noticed a pearl dragon
  3330 | D        | Killed a pearl dragon
  3331 | D        | Reached skill level 20 in Invocations
  3387 | D        | Found the +7 sceptre of Asmodeus
  3387 | D        | Noticed Asmodeus
  3397 | D        | Noticed a Brimstone Fiend
  3402 | D        | Slain by Asmodeus

Illustrated notes

Levels and vault maps discovered:
D:        pitsprint [storerooms_1, entrance_room_1, metal_vault_1, armoury_3,
          mini_pit_1, grid_room_1, main_hall_1, silver_pit, the_coven_2,
          the_vestibule_1, steel_vault_3, golden_pit, hallway_of_sentries,
          crystal_vault_2, iron_vault_2, final_vault]

Skill      XL: |  1  2  3  4  5  6  7  8  9 10 11 12 13 14 |
---------------+-------------------------------------------+-----
Fighting       | 4 6 7 8 9 10 11 12 13 15 16 | 16.0
Axes           | 2 3 4 5 8 9 12 13 16 17 | 17.9
Armour         | 4 6 7 8 9 10 11 12 13 14 16 | 16.4
Shields        | 4 6 7 8 9 10 11 14 15 17 18 | 18.1
Invocations    | 3 4 5 7 8 10 11 14 15 19 20 | 20.1
Dodging        | 1 2 3 4 |  4.7
Stealth        | 1 4 |  4.3
Evocations     | 2 8 |  8.4
Throwing       | 3 |  3.2
Maces & Flails | 2 |  2.9

Action                   |  1- 3 |  4- 6 |  7- 9 | 10-12 | 13-15 || total
-------------------------+-------+-------+-------+-------+-------++-------
Melee: War axe           |     3 |       |    25 |   177 |    47 ||   252
       Hand axe          |    10 |    30 |    68 |       |       ||   108
       Morningstar       |       |       |       |       |    34 ||    34
Throw: Javelin           |       |       |       |       |     5 ||     5
Invok: Disaster Area     |       |       |       |     2 |     3 ||     5
       Elemental Force   |       |       |       |     1 |     1 ||     2
       Upheaval          |       |       |       |       |     3 ||     3
Evoke: Lightning rod     |       |       |       |    13 |    13 ||    26
  Use: Potion            |       |     1 |       |     5 |     7 ||    13
 Stab: Invisible         |       |       |       |       |     3 ||     3
       Distracted        |       |       |       |       |     1 ||     1
Armor: Scale mail        |     4 |    11 |       |       |       ||    15
       Plate armour      |       |     6 |    30 |       |       ||    36
       Chain mail        |       |       |    10 |    86 |    43 ||   139
       Gold dragon scale |       |       |       |       |    17 ||    17
Dodge: Dodged            |     6 |     6 |    18 |    48 |    25 ||   103
       Repelled          |       |       |       |     1 |     1 ||     2
Block: Buckler           |     1 |    15 |    40 |   109 |    78 ||   243
       Reflection        |       |       |       |       |     3 ||     3

Table legend: (Time is in decaauts)
 A = Elapsed time spent in this place.
 B = Non-inter-level travel time spent in this place.
 C = Inter-level travel time spent in this place.
 D = Time resting spent in this place.
 E = Time spent auto-exploring this place.
 F = Levels seen in this place.
 G = Mean time per level.
                   A        B        C        D        E       F      G
               +--------+--------+--------+--------+--------+-----+--------+
         Total |   3366 |   3366 |      0 |   1597 |     60 |   1 | 3366.0 |
       Dungeon |   3366 |   3366 |      0 |   1597 |     60 |   1 | 3366.0 |
               +--------+--------+--------+--------+--------+-----+--------+

Top non-repeatable levels by time:
       D: 3366 daAuts
